 Dungeon Crawl Stone Soup version 0.23-a0-408-g9d4b7ed (webtiles) character file.

15432 Ijustatesigmund the Covert (level 12, -1/91 HPs)
             Began as a Gnoll Wizard on Nov 7, 2018.
             Was a High Priest of Cheibriados.
             Slain by a wolf spider simulacrum (28 damage)
             ... in an ice cave on Nov 8, 2018.
             The game lasted 00:46:09 (14500 turns).

Ijustatesigmund the Covert (Gnoll Wizard)          Turns: 14500, Time: 00:46:09

Health: -1/91      AC: 16    Str: 22    XL:     12   Next: 26%
Magic:  24/26      EV: 20    Int: 40    God:    Cheibriados [*****.]
Gold:   751        SH:  8    Dex: 28    Spells: 18/31 levels left

rFire    . . .     SeeInvis .   e - +2 short sword (vamp)
rCold    . . .     Gourm    .   p - +0 buckler
rNeg     . . .     Faith    .   t - +0 leather armour of Marbles {rElec Int+2}
rPois    +         Spirit   .   b - +1 helmet
rElec    +         Reflect  .   (no cloak)
rCorr    .         Harm     .   v - +2 pair of gloves
MR       .....                  k - +1 pair of boots
Stlth    +++++.....             (no amulet)
HPRegen  0.25/turn              q - +3 ring of protection
MPRegen  0.20/turn              r - ring of poison resistance

@: studying Stealth, very slow
A: distributed training, fangs 1, icy blue scales 1, mutation resistance 1,
strong nose
a: Bend Time, Temporal Distortion, Slouch, Step From Time, Renounce Religion


You were in an ice cave.
You worshipped Cheibriados.
Cheibriados was extremely pleased with you.
You were not hungry.

You visited 2 branches of the dungeon, and saw 12 of its levels.
You also visited: Bailey and Ice Cave.

You collected 751 gold pieces.

Inventory:

Hand Weapons
 e - a +2 vampiric short sword (weapon)
 x - a +0 blowgun
Missiles
 g - 6 javelins (quivered)
 y - 8 curare-tipped needles
Armour
 a - a +1 robe of cold resistance
 b - a +1 helmet (worn)
 k - a +1 pair of boots (worn)
 l - a +1 ring mail of fire resistance
 p - a +0 buckler (worn)
 t - the +0 leather armour of Marbles (worn) {rElec Int+2}
   (You found it on level 6 of the Dungeon)

   It affects your intelligence (+2).
   It insulates you from electricity.
 v - a +2 pair of gloves (worn)
Jewellery
 c - an uncursed ring of fire
 m - a +5 ring of intelligence
 q - a +3 ring of protection (left hand)
 r - a ring of poison resistance (right hand)
Wands
 u - a wand of acid (18)
 w - a wand of iceblast (6)
Scrolls
 f - 4 scrolls of teleportation
 i - 2 scrolls of fog
 j - 5 scrolls of vulnerability
 B - a scroll of identify
Potions
 n - a potion of mutation
 o - 4 potions of lignification
 z - a potion of flight {unknown}
 A - a potion of agility
 C - a potion of cancellation
Books
 s - a manual of Stealth
Comestibles
 d - 18 rations
 h - a chunk of flesh


   Skills:
 + Level 7.0 Fighting
 + Level 7.0 Short Blades
 + Level 7.0 Long Blades
 + Level 7.0 Axes
 + Level 7.0 Maces & Flails
 + Level 7.0 Polearms
 + Level 7.0 Staves
 + Level 7.0 Slings
 + Level 7.0 Bows
 + Level 7.0 Crossbows
 + Level 7.0 Throwing
 + Level 7.0 Armour
 + Level 8.4 Dodging
 + Level 10.1 Stealth
 + Level 7.0 Shields
 + Level 7.0 Unarmed Combat
 + Level 10.0 Spellcasting
 + Level 6.2 Conjurations
 + Level 5.8 Hexes
 + Level 5.8 Charms
 + Level 6.2 Summonings
 + Level 5.8 Necromancy
 + Level 6.2 Translocations
 + Level 5.8 Transmutations
 + Level 5.8 Fire Magic
 + Level 5.8 Ice Magic
 + Level 5.8 Air Magic
 + Level 5.8 Earth Magic
 + Level 5.8 Poison Magic
 + Level 7.7 Invocations
 + Level 7.0 Evocations


You had 18 spell levels left.
You knew the following spells:

 Your Spells              Type           Power        Failure   Level  Hunger
a - Magic Dart            Conj           ####         1%          1    None
b - Blink                 Tloc           N/A          1%          2    None
c - Mephitic Cloud        Conj/Pois/Air  ######..     1%          3    None
d - Conjure Flame         Conj/Fire      ######..     1%          3    None
e - Apportation           Tloc           ######       1%          1    None
f - Regeneration          Chrm/Necr      ######....   1%          3    None

Your spell library contained the following spells:

 Spells                   Type           Power        Failure   Level  Hunger
 Animate Skeleton         Necr           N/A          1%          1    None
 Confusing Touch          Hex            ######       1%          1    None
 Pain                     Necr           ####         1%          1    None
 Summon Small Mammal      Summ           ####         1%          1    None
 Call Imp                 Summ           ######..     1%          2    None
 Slow                     Hex            ######..     1%          2    None
 Vampiric Draining        Necr           ######....   1%          3    None
 Animate Dead             Necr           N/A          1%          4    None


Dungeon Overview and Level Annotations

Branches:
Dungeon (11/15)            Temple (1/1) D:4            Lair (0/6) D:11
    Orc: D:9-12

Altars:
Ashenzari
Cheibriados
Dithmenos
Elyvilon
Fedhas
Gozag
Hepliaklqana
Kikubaaqudgha
Makhleb
Nemelex Xobeh
Okawaru
Qazlal
Ru
Sif Muna
Trog
Uskayaw
Vehumet
Wu Jian
Xom
Yredelemnul
Zin
The Shining One

Annotations:
D:4 1 runed door


Innate Abilities, Weirdness & Mutations

Your experience applies equally to all skills.
You have very sharp teeth.
Your uncanny sense of smell can sniff out nearby items.
You are partially covered in icy blue scales. (AC +2)
You are somewhat resistant to further mutation.


Message History

The wolf spider simulacrum bites you. The wolf spider simulacrum freezes you!
You hit the wolf spider simulacrum.
You bite the wolf spider simulacrum, but do no damage.
The wolf spider simulacrum is lightly damaged.
The wolf spider simulacrum closely misses you.
The wolf spider simulacrum bites you.
The wolf spider simulacrum freezes you!!
You puncture the wolf spider simulacrum!
The wolf spider simulacrum is moderately damaged.
You block the wolf spider simulacrum's attack. x2
You hit the wolf spider simulacrum.
The wolf spider simulacrum is moderately damaged.
You block the wolf spider simulacrum's attack.
The wolf spider simulacrum bites you. The wolf spider simulacrum freezes you!
Casting: Magic Dart (safe; 1% risk of failure)
Confirm with . or Enter, or press ? or * to list all spells.
You blink.
The wolf spider simulacrum hits you.
* * * LOW HITPOINT WARNING * * *
The wolf spider simulacrum freezes you!!
You die...

#### ##§.##
###Z...##
..##..@....#
#.......∩.∩.#
##.Z........#
##ZZ##....##
### ##..##
####


You could see 2 death yak simulacra, a swamp dragon simulacrum (dormant) and a
wolf spider simulacrum.

Vanquished Creatures
  3 two-headed ogres
  A deep elf knight (Bailey)
  9 deep elf magi (Bailey)
  2 trolls (D:9)
  2 hippogriffs (D:7)
  Sigmund (D:2)
  2 yaks (D:8)
  A human (D:8)
  2 hogs (D:8)
  2 water moccasins
  2 orc warriors
  A sky beast (D:10)
  12 ice beasts
  2 eyes of draining
  2 black bears
  5 ogres
  4 phantoms
  2 necrophages
  5 centaurs
  3 big kobolds
  6 bullfrogs
  A scorpion (D:10)
  5 wights (D:8)
  51 killer bees
  A howler monkey (D:6)
  2 crimson imps
  2 bullfrog zombies
  A quasit (D:8)
  A centaur zombie (D:8)
  2 centaur skeletons
  5 orc priests
  2 bullfrog skeletons
  6 hounds
  7 orc wizards
  A gnoll shaman (D:7)
  3 iguanas
  2 jellies
  2 worker ants
  A hound zombie (D:7)
  2 howler monkey skeletons
  A worker ant zombie (D:6)
  4 gnolls (D:7)
  11 adders
  3 shadow imps
  An ooze (D:1)
  An adder skeleton (D:7)
  3 worms
  5 dart slugs
  3 leopard geckos
  23 orcs
  10 giant cockroaches
  3 hobgoblins
  10 jackals
  10 kobolds
  5 quokkas
  8 bats
  3 frilled lizards
  10 goblins
  A goblin skeleton (D:4)
  A jackal skeleton (D:6)
  A leopard gecko zombie (D:6)
  A quokka skeleton (D:4)
  2 quokka zombies
  5 rats
291 creatures vanquished.

Vanquished Creatures (collateral kills)
  2 killer bees (D:8)
  An adder (D:6)
  A jackal (D:8)
4 creatures vanquished.

Grand Total: 295 creatures vanquished

Notes
Turn   | Place    | Note
-------+----------+-------------------------------------------
     0 | D:1      | Ijustatesigmund the Gnoll Wizard began the quest for the
                  | Orb.
     0 | D:1      | Reached XP level 1. HP: 13/13 MP: 8/8
   230 | D:1      | Reached XP level 2. HP: 19/19 MP: 6/10
   373 | D:1      | Learned a level 2 spell: Blink
   703 | D:1      | Reached XP level 3. HP: 25/25 MP: 6/11
  1700 | D:2      | Reached skill level 1 in Invocations
  1740 | D:2      | Reached skill level 1 in Fighting
  1740 | D:2      | Reached skill level 1 in Short Blades
  1740 | D:2      | Reached skill level 1 in Long Blades
  1740 | D:2      | Reached skill level 1 in Axes
  1740 | D:2      | Reached skill level 1 in Maces & Flails
  1740 | D:2      | Reached skill level 1 in Polearms
  1740 | D:2      | Reached skill level 1 in Staves
  1740 | D:2      | Reached skill level 1 in Slings
  1740 | D:2      | Reached skill level 1 in Bows
  1740 | D:2      | Reached skill level 1 in Crossbows
  1740 | D:2      | Reached skill level 1 in Throwing
  1740 | D:2      | Reached skill level 1 in Armour
  1740 | D:2      | Reached skill level 1 in Shields
  1740 | D:2      | Reached skill level 1 in Unarmed Combat
  1740 | D:2      | Reached skill level 1 in Evocations
  1747 | D:2      | Reached XP level 4. HP: 25/32 MP: 2/13
  1752 | D:2      | Learned a level 3 spell: Mephitic Cloud
  2036 | D:2      | Found a faded altar of an unknown god.
  2175 | D:2      | Noticed Sigmund
  2309 | D:2      | Killed Sigmund
  2309 | D:2      | Reached skill level 1 in Hexes
  2309 | D:2      | Reached skill level 1 in Charms
  2309 | D:2      | Reached skill level 1 in Necromancy
  2309 | D:2      | Reached skill level 1 in Transmutations
  2309 | D:2      | Reached skill level 1 in Fire Magic
  2309 | D:2      | Reached skill level 1 in Ice Magic
  2309 | D:2      | Reached skill level 1 in Air Magic
  2309 | D:2      | Reached skill level 1 in Earth Magic
  2309 | D:2      | Reached skill level 1 in Poison Magic
  2309 | D:2      | Reached XP level 5. HP: 23/38 MP: 14/14
  2309 | D:2      | Reached XP level 6. HP: 27/44 MP: 16/16
  3368 | D:3      | Gained mutation: You are partially covered in icy blue
                  | scales. (AC +2) [potion of mutation]
  3368 | D:3      | Gained mutation: You are somewhat resistant to further
                  | mutation. [potion of mutation]
  3468 | D:4      | Learned a level 3 spell: Conjure Flame
  3503 | D:4      | Reached skill level 5 in Dodging
  3630 | D:4      | Found a runed door.
  3630 | D:4      | Noticed a human
  3673 | D:4      | Reached XP level 7. HP: 48/50 MP: 13/18
  3909 | D:4      | Found a basalt altar of Yredelemnul.
  3984 | D:4      | Found a staircase to the Ecumenical Temple.
  3993 | Temple   | Entered the Ecumenical Temple
  4106 | Temple   | Became a worshipper of Cheibriados the Contemplative
  4397 | D:5      | Entered Level 5 of the Dungeon
  4751 | D:4      | Reached skill level 5 in Stealth
  4881 | D:5      | Reached XP level 8. HP: 57/57 MP: 19/19
  5869 | D:5      | Reached * piety under Cheibriados
  5924 | D:5      | Found a burning altar of Makhleb.
  6223 | D:6      | Got a crude leather armour
  6541 | D:6      | Reached XP level 9. HP: 65/65 MP: 15/21
  6695 | D:6      | Identified the cursed +0 leather armour of Marbles {rElec
                  | Int+2} (You found it on level 6 of the Dungeon)
  7071 | D:7      | Reached ** piety under Cheibriados
  7214 | D:7      | Noticed a two-headed ogre
  7222 | D:7      | Killed a two-headed ogre
  7222 | D:7      | Reached skill level 5 in Invocations
  7974 | D:7      | Reached XP level 10. HP: 73/73 MP: 22/22
  8046 | D:7      | Learned a level 1 spell: Apportation
  9509 | D:8      | Reached skill level 5 in Fighting
  9509 | D:8      | Reached skill level 5 in Short Blades
  9509 | D:8      | Reached skill level 5 in Long Blades
  9509 | D:8      | Reached skill level 5 in Axes
  9509 | D:8      | Reached skill level 5 in Maces & Flails
  9509 | D:8      | Reached skill level 5 in Polearms
  9509 | D:8      | Reached skill level 5 in Staves
  9509 | D:8      | Reached skill level 5 in Slings
  9509 | D:8      | Reached skill level 5 in Bows
  9509 | D:8      | Reached skill level 5 in Crossbows
  9509 | D:8      | Reached skill level 5 in Throwing
  9509 | D:8      | Reached skill level 5 in Armour
  9509 | D:8      | Reached skill level 5 in Shields
  9509 | D:8      | Reached skill level 5 in Unarmed Combat
  9509 | D:8      | Reached skill level 5 in Evocations
  9546 | D:8      | Reached *** piety under Cheibriados
  9591 | D:8      | Reached **** piety under Cheibriados
  9763 | D:8      | Reached skill level 5 in Conjurations
  9763 | D:8      | Reached skill level 5 in Summonings
  9763 | D:8      | Reached skill level 5 in Translocations
  9827 | D:8      | Found a flagged portal.
  9836 | Bailey   | Entered a bailey
  9837 | Bailey   | Upgraded the game from 0.23-a0-407-g92528d7 to
                  | 0.23-a0-408-g9d4b7ed
  9844 | Bailey   | Noticed a deep elf mage
  9870 | Bailey   | Killed a deep elf mage
  9980 | Bailey   | Noticed a deep elf mage
  9981 | Bailey   | Noticed a deep elf mage
  9981 | Bailey   | Noticed a deep elf mage
  9982 | Bailey   | Noticed a deep elf mage
  9983 | Bailey   | Killed a deep elf mage
  9985 | Bailey   | Noticed a deep elf mage
  9987 | Bailey   | Noticed a deep elf mage
  9996 | Bailey   | Killed a deep elf mage
  9996 | Bailey   | Reached XP level 11. HP: 81/81 MP: 13/24
 10001 | Bailey   | Killed a deep elf mage
 10006 | Bailey   | Killed a deep elf mage
 10009 | Bailey   | Killed a deep elf mage
 10009 | Bailey   | Reached skill level 5 in Hexes
 10009 | Bailey   | Reached skill level 5 in Charms
 10009 | Bailey   | Reached skill level 5 in Necromancy
 10009 | Bailey   | Reached skill level 5 in Transmutations
 10009 | Bailey   | Reached skill level 5 in Fire Magic
 10009 | Bailey   | Reached skill level 5 in Ice Magic
 10009 | Bailey   | Reached skill level 5 in Air Magic
 10009 | Bailey   | Reached skill level 5 in Earth Magic
 10009 | Bailey   | Reached skill level 5 in Poison Magic
 10013 | Bailey   | Killed a deep elf mage
 10057 | Bailey   | Noticed a deep elf knight
 10080 | Bailey   | Killed a deep elf knight
 10128 | Bailey   | Noticed a deep elf mage
 10128 | Bailey   | Noticed a deep elf mage
 10137 | Bailey   | Killed a deep elf mage
 10146 | Bailey   | Killed a deep elf mage
 10184 | Bailey   | Learned a level 3 spell: Regeneration
 10633 | D:8      | Reached ***** piety under Cheibriados
 11594 | D:9      | Noticed a two-headed ogre
 12100 | D:9      | Noticed a two-headed ogre
 12625 | D:9      | Killed a two-headed ogre
 12740 | D:9      | Killed a two-headed ogre
 12740 | D:9      | Reached XP level 12. HP: 89/89 MP: 22/25
 13351 | D:10     | Entered Level 10 of the Dungeon
 13573 | D:10     | Reached skill level 10 in Stealth
 14148 | D:10     | Reached skill level 10 in Spellcasting
 14367 | D:10     | You fall through a shaft!
 14371 | D:11     | Found a frozen archway.
 14493 | IceCv    | Entered an ice cave
 14500 | IceCv    | Slain by a wolf spider simulacrum

Vault maps used:
D:1:      dpeg_arrival_water_altar, minmay_tetromino_o2
D:2:      first_ration, chequers_ecumenical_altar_island, uniq_sigmund
D:3:      roderic_serpentine_path
D:4:      temple_statues, dk_yredelemnul_ordeal
D:5:      lightli_temple_of_fire, st_stairs_9, guppyfry_early_orc_mine
D:6:      minmay_manual_mandibuliform
D:8:      wad_woods_minihive, enter_bailey_2, grunt_livestock
D:11:     minmay_lair_entry_grove, portal_ice_cave_entry_ice_beasts,
          minmay_misc_feat_enclosed, minmay_gold_behind_fungi, feat_on_display
Temple:   compressed_dpeg_circular_temple
Bailey:   bailey_polearm_3, bailey
IceCv:    ice_cave_small_necro

Skill      XL: |  1  2  3  4  5  6  7  8  9 10 11 12 |
---------------+-------------------------------------+-----
Conjurations   | 2 3 4 5 6 |  6.2
Summonings     | 2 3 4 5 6 |  6.2
Translocations | 2 3 4 5 6 |  6.2
Invocations    | 1 2 3 4 5 6 7 |  7.7
Fighting       | 1 2 3 4 5 6 7 |  7.0
Short Blades   | 1 2 3 4 5 6 7 |  7.0
Long Blades    | 1 2 3 4 5 6 7 |  7.0
Axes           | 1 2 3 4 5 6 7 |  7.0
Maces & Flails | 1 2 3 4 5 6 7 |  7.0
Polearms       | 1 2 3 4 5 6 7 |  7.0
Staves         | 1 2 3 4 5 6 7 |  7.0
Slings         | 1 2 3 4 5 6 7 |  7.0
Bows           | 1 2 3 4 5 6 7 |  7.0
Crossbows      | 1 2 3 4 5 6 7 |  7.0
Throwing       | 1 2 3 4 5 6 7 |  7.0
Armour         | 1 2 3 4 5 6 7 |  7.0
Shields        | 1 2 3 4 5 6 7 |  7.0
Unarmed Combat | 1 2 3 4 5 6 7 |  7.0
Evocations     | 1 2 3 4 5 6 7 |  7.0
Hexes          | 1 2 3 4 5 |  5.8
Charms         | 1 2 3 4 5 |  5.8
Necromancy     | 1 2 3 4 5 |  5.8
Transmutations | 1 2 3 4 5 |  5.8
Fire Magic     | 1 2 3 4 5 |  5.8
Ice Magic      | 1 2 3 4 5 |  5.8
Air Magic      | 1 2 3 4 5 |  5.8
Earth Magic    | 1 2 3 4 5 |  5.8
Poison Magic   | 1 2 3 4 5 |  5.8
Dodging        | 5 6 7 8 |  8.4
Stealth        | 5 7 8 9 10 | 10.1
Spellcasting   | 8 9 10 | 10.0

Action                   |  1- 3 |  4- 6 |  7- 9 | 10-12 || total
-------------------------+-------+-------+-------+-------++-------
Melee: Hand axe          |    12 |       |       |       ||    12
       Bite              |     2 |    11 |    49 |   115 ||   177
       Punch             |     1 |     2 |       |       ||     3
       Short sword       |       |   110 |   311 |   546 ||   967
 Cast: Magic Dart        |    68 |    37 |   160 |   226 ||   491
       Mephitic Cloud    |       |     5 |    13 |    24 ||    42
       Blink             |       |     2 |    13 |     5 ||    20
Invok: Bend Time         |       |       |       |     2 ||     2
       Slouch            |       |       |       |     2 ||     2
Evoke: Wand              |       |       |     4 |    16 ||    20
  Use: Scroll            |     2 |     7 |    10 |    10 ||    29
       Potion            |     1 |     2 |     1 |     1 ||     5
 Stab: Sleeping          |     1 |     6 |     2 |    10 ||    19
       Confused          |       |     1 |     2 |    22 ||    25
       Distracted        |       |       |       |     1 ||     1
  Eat: Chunk             |     2 |     4 |     3 |     5 ||    14
       Ration            |       |     2 |     3 |     1 ||     6
Armor: Robe              |     7 |    41 |    42 |       ||    90
       Leather armour    |       |       |    87 |   125 ||   212
Dodge: Dodged            |    17 |   115 |   273 |   428 ||   833
Block: Buckler           |       |       |   102 |   207 ||   309

Table legend:
 A = Non-vault XP
 B = Vault XP
 C = Vault XP percentage of total XP
 D = Non-vault monster count
 E = Vault monster count
 F = Vault count percentage of total count
                 A         B        C        D         E       F
            +---------+---------+-------+---------+---------+-------
      Total |   10709 |   11337 |  51.4 |     210 |      85 |  28.8
            +---------+---------+-------+---------+---------+-------
        D:1 |      39 |       4 |   9.3 |      21 |       1 |   4.5
        D:2 |      66 |     223 |  77.2 |      19 |       1 |   5.0
        D:3 |      60 |       0 |   0.0 |      17 |       0 |   0.0
        D:4 |     530 |      47 |   8.1 |      20 |       3 |  13.0
        D:5 |     721 |     190 |  20.9 |      10 |       7 |  41.2
        D:6 |     489 |     136 |  21.8 |      15 |       2 |  11.8
        D:7 |    2832 |       0 |   0.0 |      38 |       0 |   0.0
        D:8 |    1517 |    3732 |  71.1 |      33 |      53 |  61.6
        D:9 |    2974 |       0 |   0.0 |      15 |       0 |   0.0
       D:10 |    1468 |       0 |   0.0 |      21 |       0 |   0.0
       D:11 |      13 |    1056 |  98.8 |       1 |       8 |  88.9
     Bailey |       0 |    5949 | 100.0 |       0 |      10 | 100.0
            +---------+---------+-------+---------+---------+-------
